Map: Submarino EE

Players

WoTiF - Winner!

  • Race: Protoss Protoss
  • League: Gold
  • Spawn Location: 5:00

MrFercho

  • Race: Zerg Zerg
  • League: Silver
  • Spawn Location: 11:00

VOD

Have the link to the VOD?

Description

Time

  • Played on: July 7, 2020, 1:31 p.m.
  • Length: 5:26
Show
View Real Time Build Order
Export as new Build Order

WoTiF Protoss - Winner!

Build Orders:  

Get SALT Encoding   

  12  0:00  Probe  
  13  0:12  Probe  
  14  0:25  Probe  
  15  0:32  Pylon  
  15  0:43  Pylon  
  15  0:50  Probe  
  15  0:52  Gateway  
  16  1:01  Gateway  
  16  1:07  Probe  
  17  1:29  Probe  
  17  1:31  Zealot  
  17  1:32  Assimilator  
  18  1:39  Zealot  
  22  1:55  Probe  
  22  1:59  Zealot  
  25  2:13  Zealot  
  27  2:26  Zealot  
  29  2:35  Zealot  
  29  2:40  Cybernetics Core  
  29  2:43  Pylon  
  31  2:53  Zealot  
  31  3:02  Zealot  
  33  3:08  Probe  
  30  3:20  Probe, Zealot  
  32  3:29  Pylon, Zealot  
  34  3:47  Zealot  
  34  3:55  Robotics Facility  
  34  4:00  Zealot  
  36  4:12  Pylon  
  36  4:14  Zealot  
  38  4:21  Assimilator, Forge, Probe  
  38  4:23  Pylon  
  39  4:33  Probe  
  39  4:34  Shield Battery  
  39  4:35  Stalker  
  42  4:41  Stalker  
  44  4:45  Probe  
Show
View Real Time Build Order
Export as new Build Order

MrFercho Zerg 

Build Orders: Pool First 

Get SALT Encoding   

  12  0:01  Drone  
  13  0:13  Overlord  
  13  0:16  Drone  
  14  1:16  Spawning Pool  
  14  1:17  Drone x3  
  16  1:18  Extractor, Hatchery  
  14  1:30  Drone  
  16  1:37  Extractor  
  16  1:39  Drone  
  16  1:50  Drone  
  17  2:02  Drone  
  18  2:20  Drone  
  18  2:21  Queen  
  21  2:25  Zergling x2  
  21  2:29  Spine Crawler  
  18  2:30  Drone  
  18  2:33  Drone  
  10  2:52  Zergling x4  
  10  2:56  Drone x2  
  11  2:58  Queen  
  11  3:04  Zergling x2  
  12  3:09  Drone  
  12  3:15  Drone  
  12  3:19  Drone  
  12  3:25  Zergling x2  
  11  3:45  Zergling x6  
  11  3:47  Drone  
  15  4:07  Drone x2  
  15  4:09  Drone  
  17  4:22  Drone  
  17  4:36  Drone x3  
  20  4:57  Drone  
  20  4:59  Overlord  
Tags
 
Matchup
PvZ
Opening
Pool First
Replay Pack
MrFercho
Spawn Locations
Cross Positions
Add a new tag
Caveats
  • Supply blocks, unpowered buildings, or Contaminate may cause inaccurate times.
  • Supply counts are checked every 10 seconds.